AoeStats
← husung istanda_18

MegaRandom

506327121Analyzed
2v2 RM · 20d ago on Sep 13, 2026· 73m 47s· 4 players
Game mode
Random Map
Map size
Medium (4 player)
Population
200
Speed
Normal
Resources
Standard
Victory
Conquest
Starting age
Dark Age
Ending age
Imperial Age
RankedLock teamsTeams togetherTeam positionsShared explorationLock speedFull tech treeHidden civsTurbo modeCheats
Victory
Defeat
🇺🇸 Bengalis · United States
693
+17
🇺🇸 Portuguese · United States
682
+17
🇹🇼 Jurchens · Taiwan
715
-17
🇹🇼 Khmer · Taiwan
708
-17
PicPlaysGMEs
3:09 Loom
14:45 Feudal Age
15:14 Double-Bit Axe
15:12 Horse Collar
15:16 Fishing Lines
17:42 Wheelbarrow
16:56 Town Watch
23:54 Castle Age
22:17 Fletching
23:14 Scale Mail Armor
23:16 Padded Archer Armor
24:57 Bodkin Arrow
27:19 Murder Holes
27:45 Ballistics
33:28 Pikeman
39:30 Imperial Age
37:48 Leather Archer Armor
39:08 Gillnets
39:50 Clinker Construction
41:11 Forging
41:19 Squires
42:33 Ring Archer Armor
43:43 Chemistry
44:51 Heavy Plow
45:09 Hand Cart
44:32 Crossbowman
46:11 Halberdier
48:45 Man-at-Arms
49:11 Gambesons
49:30 Long Swordsman
50:29 Chain Mail Armor
50:15 Two-Handed Swordsman
51:44 Arrowslits
55:44 Champion
57:35 Town Patrol
61:23 Conscription
60:50 Light Cavalry
61:40 Bloodlines
68:18 Iron Casting
67:44 Bracer
Wogsy2010
4:05 Loom
15:53 Feudal Age
16:37 Double-Bit Axe
17:02 Horse Collar
18:59 Fishing Lines
20:47 Wheelbarrow
24:11 Castle Age
22:07 Fletching
25:05 Forging
33:35 Bow Saw
33:29 Heavy Plow
38:21 Imperial Age
39:33 Conscription
39:54 Treadmill Crane
41:29 Iron Casting
41:00 Scale Barding Armor
43:01 Cavalier
43:41 Husbandry
43:52 Bloodlines
45:30 Blast Furnace
45:06 Chain Barding Armor
45:18 Bodkin Arrow
45:48 Ballistics
45:24 Murder Holes
46:20 Scale Mail Armor
48:26 Plate Barding Armor
50:07 Chemistry
49:07 Gold Mining
49:43 Bracer
49:47 Stone Mining
50:27 Arquebus
57:00 Siege Engineers
59:10 Coinage
58:41 Caravan
63:56 Padded Archer Armor
63:57 Scale Mail Armor
64:20 Bombard Tower
63:52 Guard Tower
68:14 Banking
67:56 Pikeman
68:22 Gambesons
68:22 Arson
71:54 Chain Mail Armor
71:54 Leather Archer Armor
CC..CC
12:38 Loom
14:28 Feudal Age
15:49 Horse Collar
15:56 Double-Bit Axe
17:51 Arson
22:38 Gold Mining
26:27 Castle Age
26:11 Forging
26:03 Scale Mail Armor
28:21 Bow Saw
28:24 Squires
28:12 Gambesons
28:47 Chain Mail Armor
29:08 Iron Casting
30:35 Gold Shaft Mining
40:47 Wheelbarrow
47:27 Imperial Age
46:02 Hand Cart
45:32 Town Watch
48:33 Elite Iron Pagoda
51:06 Town Patrol
51:15 Husbandry
51:29 Bloodlines
husung istanda_18
11:32 Loom
13:37 Feudal Age
14:08 Double-Bit Axe
17:49 Scale Barding Armor
19:14 Man-at-Arms
22:19 Bloodlines
22:47 Forging
26:43 Castle Age
27:45 Chain Barding Armor
28:04 Bow Saw
37:55 Imperial Age
36:22 Demolition Ship
40:35 Husbandry
44:26 Light Cavalry
44:29 Cavalier
47:01 Plate Barding Armor
47:06 Demolition Ship
48:26 Hussar
50:32 Elite Battle Elephant
52:08 Wheelbarrow
54:27 Hand Cart
54:58 Conscription
55:00 Double Crossbow
55:48 Iron Casting
60:05 Blast Furnace
59:11 Gold Mining
61:51 Chemistry
61:11 Ballistics
60:48 Fletching
61:12 Elite Ballista Elephant
64:40 Padded Archer Armor
Connection lost

Rejoining the realm…

Still unreachable

The connection could not be restored.

Session expired

The server has moved on; the page needs a fresh start.